 Dungeon Crawl Stone Soup version 0.22.1-2-g9c5b331383 (webtiles) character file.

137 Ihlosi the Sneak (level 5, -1/29 HPs)
             Began as a Kobold Enchanter on Dec 30, 2018.
             Killed by nerve-wracking pain
             ... invoked by an orc priest
              (13 damage)
             ... on level 3 of the Dungeon.
             The game lasted 00:08:00 (3215 turns).

Ihlosi the Sneak (Kobold Enchanter)                 Turns: 3215, Time: 00:08:00

Health: -1/29      AC:  3    Str:  5    XL:     5   Next: 44%
Magic:  2/8        EV: 16    Int: 17    God:
Gold:   130        SH:  0    Dex: 16    Spells: 3/9 levels left

rFire    . . .     SeeInvis .   a - +1 dagger
rCold    . . .     Gourm    .   (shield restricted)
rNeg     . . .     Faith    .   b - +1 robe
rPois    .         Spirit   .   (no helmet)
rElec    .         Reflect  .   (no cloak)
rCorr    +         Harm     .   (no gloves)
MR       .....                  (no boots)
Stlth    +++.......             (no amulet)
HPRegen  0.09/turn              g - ring of resist corrosion
MPRegen  0.11/turn              (no ring)

@: no status effects
A: small, carnivore
a: no special abilities


You were on level 3 of the Dungeon.
You were very full.

You visited 1 branch of the dungeon, and saw 3 of its levels.

You collected 130 gold pieces.

Inventory:

Hand Weapons
 a - a +1 dagger (weapon)
Armour
 b - a +1 robe (worn)
Jewellery
 g - a ring of resist corrosion (left hand)
Scrolls
 c - a scroll of identify
 j - a scroll of teleportation
 l - 3 scrolls of remove curse
Potions
 f - a potion of lignification
 h - 2 potions of agility
 k - a potion of mutation
 m - a potion of degeneration {unknown}
 n - a potion of curing {unknown}
Comestibles
 d - 6 rations


   Skills:
 * Level 1.2 Fighting
 * Level 3.0 Short Blades
 * Level 0.9 Armour
 * Level 3.2 Dodging
 * Level 5.0 Stealth
 * Level 2.5 Spellcasting
 * Level 0.6 Conjurations
 * Level 3.5 Hexes


You had 3 spell levels left.
You knew the following spells:

 Your Spells              Type           Power        Failure   Level  Hunger
a - Corona                Hex            ##.....      4%          1    #......
b - Ensorcelled Hibernat  Hex/Ice        #.....       14%         2    ##.....
c - Dazzling Spray        Conj/Hex       #.....       24%         3    ###....

Your spell library contained the following spells:

 Spells                   Type           Power        Failure   Level  Hunger
 Confuse                  Hex            ##......     13%         3    ###....
 Tukima's Dance           Hex            ##......     13%         3    ###....


Dungeon Overview and Level Annotations

Branches:
Dungeon (3/15)

Altars:
Elyvilon
Vehumet
Zin
The Shining One


Innate Abilities, Weirdness & Mutations

You are small and have problems with some larger weapons.
You are carnivorous and can eat meat at any time.


Message History

The orc priest resists with some effort.
The orc priest barely misses you.
Press: ? - help, v - describe, . - travel
Here: an orc priest, wielding a falchion of electrocution The floor.
Unknown command.
Casting: Ensorcelled Hibernation (safe; 14% risk of failure)
Confirm with . or Enter, or press ? or * to list all spells.
Aiming: Ensorcelled Hibernation (safe; 14% risk of failure)
Press: ? - help, Shift-Dir - straight line, f/p - orc priest
Aim: an orc priest, wielding a falchion of electrocution (chance to defeat MR: The orc priest resists with some effort.
The orc priest hits you with a falchion of electrocution.
The orc priest mumbles some strange prayers to Beogh against you.
Pain shoots through your body!
The orc priest invokes the aid of Beogh against you.
Beogh smites you!
The orc priest calls down the wrath of Beogh upon you.
Pain shoots through your body!
You die...

..........#......# #.
###########.#########.
#...# #... #...# #.#.
#...# #.#. #...# #.#.
######...######...
###.............#...
#.<@...o......).....
###....[.........#..
######...#####.#..
#...# #.#.. #...#
#.##. #...# #.###
#...# #.# ##.## #.# #
#.#


You could see an orc priest.

Vanquished Creatures
  Jessica (D:2)
  A worker ant (D:2)
  3 adders (D:2)
  2 oozes
  2 dart slugs (D:2)
  A leopard gecko (D:1)
  An orc (D:3)
  8 bats
  A giant cockroach (D:2)
  5 goblins
  9 hobgoblins
  3 kobolds
  3 frilled lizards
  7 rats
47 creatures vanquished.

Notes
Turn   | Place    | Note
-------+----------+-------------------------------------------
     0 | D:1      | Ihlosi the Kobold Enchanter began the quest for the Orb.
     0 | D:1      | Reached XP level 1. HP: 10/10 MP: 3/3
   188 | D:1      | Reached XP level 2. HP: 3/15 MP: 5/5
   886 | D:1      | Reached XP level 3. HP: 20/20 MP: 6/6
  1136 | D:1      | Learned a level 2 spell: Ensorcelled Hibernation
  1140 | D:1      | Learned a level 3 spell: Dazzling Spray
  1490 | D:2      | Noticed Jessica
  1796 | D:2      | Reached XP level 4. HP: 12/24 MP: 3/7
  2136 | D:2      | Killed Jessica
  2136 | D:2      | Reached skill level 1 in Fighting
  2221 | D:2      | Found a glowing golden altar of the Shining One.
  2221 | D:2      | Found a glowing silver altar of Zin.
  2222 | D:2      | Found a white marble altar of Elyvilon.
  2241 | D:2      | Reached XP level 5. HP: 29/29 MP: 1/8
  2372 | D:2      | Reached skill level 5 in Stealth
  2915 | D:2      | Found a radiant altar of Vehumet.
  3215 | D:3      | Killed from afar by an orc priest

Skill      XL: |  1  2  3  4  5 |
---------------+----------------+-----
Short Blades   | 2 3 |  3.0
Fighting       | 1 |  1.2
Dodging        | 3 |  3.2
Stealth        | 5 |  5.0
Armour         | |  0.9
Spellcasting   | |  2.5
Conjurations   | |  0.6
Hexes          | |  3.5

Action                   |  1- 3 |  4- 6 || total
-------------------------+-------+-------++-------
Melee: Dagger            |   119 |    72 ||   191
 Cast: Corona            |     3 |       ||     3
       Ensorcelled Hiber |     6 |    18 ||    24
  Use: Potion            |     1 |     1 ||     2
       Scroll            |       |     8 ||     8
 Stab: Sleeping          |     9 |     9 ||    18
  Eat: Chunk             |    10 |     7 ||    17
Armor: Robe              |    25 |     8 ||    33
       Skin              |    30 |    14 ||    44
Dodge: Dodged            |   123 |    45 ||   168
